AoeStats
← _LY_抖音肥龙

Fortress

508623971Analyzed
4v4 RM · 8d ago on Sep 23, 2026· 35m 59s· 8 players
Game mode
Random Map
Map size
Huge
Population
200
Speed
Normal
Resources
Standard
Victory
Conquest
Starting age
Dark Age
Ending age
Imperial Age
RankedLock teamsTeams togetherTeam positionsShared explorationLock speedFull tech treeHidden civsTurbo modeCheats
Victory
Defeat
🇭🇰 Varangians · Hong Kong SAR China
1854
+2
🇨🇳 Bengalis · China
1642
+6
🇺🇸 Saxons · United States
1534
+9
🇦🇺 Danes · Australia
1495
+10
🇬🇧 Danes · United Kingdom
1488
-9
🇦🇺 Saracens · Australia
1369
-6
🇫🇷 Lithuanians · France
1367
-6
🇮🇳 Mongols · India
1355
-6
_LY_抖音肥龙
7:07 Feudal Age
10:43 Castle Age
8:55 Double-Bit Axe
9:12 Horse Collar
11:38 Bow Saw
17:08 Wheelbarrow
17:40 Heavy Plow
20:26 Hand Cart
24:41 Imperial Age
22:25 Loom
23:01 Scale Barding Armor
22:55 Gold Mining
22:56 Stone Mining
22:58 Treadmill Crane
24:29 Chain Barding Armor
24:35 Husbandry
24:46 Bloodlines
25:47 Conscription
26:05 Plate Barding Armor
26:02 Crop Rotation
26:50 Two-Man Saw
26:24 Elite Jarl
27:16 Forging
27:29 Ballistics
29:25 Iron Casting
30:12 Guilds
30:03 Caravan
30:10 Fletching
31:24 Blast Furnace
30:15 Fletching
33:15 Coinage
32:42 Bodkin Arrow
32:53 Siege Engineers
32:58 Masonry
33:49 Chemistry
32:45 Vendel Legacy
32:49 Gothikon
33:35 Squires
33:35 Scale Mail Armor
33:36 Bracer
34:14 Elite Varangian Guard
35:09 Chain Mail Armor
35:18 Arson
35:21 Gambesons
张宇腾
7:32 Feudal Age
8:31 Double-Bit Axe
11:22 Castle Age
9:14 Horse Collar
12:51 Bow Saw
13:09 Heavy Plow
14:18 Loom
18:59 Wheelbarrow
19:57 Gold Mining
21:50 Gold Shaft Mining
21:42 Hand Cart
25:36 Imperial Age
23:34 Scale Barding Armor
23:40 Forging
24:06 Bloodlines
23:56 Husbandry
24:08 Bloodlines
24:13 Stone Mining
24:51 Chain Barding Armor
24:45 Paiks
25:38 Elite Battle Elephant
26:58 Plate Barding Armor
27:01 Iron Casting
26:52 Ballistics
26:55 Conscription
26:07 Light Cavalry
27:46 Guilds
27:32 Town Watch
29:58 Blast Furnace
28:48 Fletching
30:59 Chemistry
30:25 Siege Engineers
31:17 Caravan
The Daunting Knight
6:01 Feudal Age
7:55 Double-Bit Axe
11:58 Castle Age
10:22 Horse Collar
12:00 Gold Mining
13:57 Bow Saw
14:16 Heavy Plow
19:28 Scale Mail Armor
20:14 Wheelbarrow
19:27 Loom
22:16 Forging
24:34 Gold Shaft Mining
23:49 Stone Mining
24:34 Gold Shaft Mining
23:49 Stone Mining
28:49 Imperial Age
27:59 Chain Mail Armor
27:54 Forging
28:12 Hand Cart
29:23 Elite Hearth Troop
30:40 Iron Casting
30:35 Plate Mail Armor
30:41 Iron Casting
30:36 Plate Mail Armor
30:41 Fortified Wall
30:19 Shield Wall
31:25 Conscription
32:45 Chemistry
31:39 Fletching
31:49 Padded Archer Armor
31:40 Fletching
31:50 Padded Archer Armor
33:47 Bodkin Arrow
34:07 Leather Archer Armor
33:49 Murder Holes
33:34 Elite Varangian Guard
34:02 Arson
34:18 Squires
34:03 Gambesons
35:39 Crop Rotation
36:27 Two-Man Saw
36:23 Caravan
politeOil
7:05 Feudal Age
8:43 Loom
11:25 Castle Age
11:06 Horse Collar
11:16 Double-Bit Axe
18:06 Wheelbarrow
19:33 Hand Cart
19:47 Gold Mining
24:19 Imperial Age
24:09 Gold Shaft Mining
23:55 Heavy Plow
24:21 Scale Mail Armor
24:31 Forging
24:44 Capped Ram
25:05 Northmen's Fury
26:09 Chain Mail Armor
26:29 Iron Casting
27:28 Siege Ram
30:57 Plate Mail Armor
31:28 Blast Furnace
35:05 Elite Jomsviking
35:50 Fletching
36:01 Padded Archer Armor
snek_fan
6:48 Feudal Age
10:54 Castle Age
10:02 Double-Bit Axe
10:01 Horse Collar
14:12 Fletching
17:46 Wheelbarrow
17:11 Loom
20:06 Bodkin Arrow
20:36 Hand Cart
21:04 Padded Archer Armor
22:59 Leather Archer Armor
27:18 Imperial Age
25:37 Bloodlines
26:04 Husbandry
26:14 Thumb Ring
27:40 Bow Saw
27:22 Stone Mining
28:01 Bracer
29:34 Ballistics
30:43 Chemistry
31:19 Masonry
33:21 Pikeman
34:02 Squires
34:53 Conscription
35:08 Hoardings
ip_lucas
6:59 Feudal Age
7:37 Feudal Age
11:32 Castle Age
9:43 Double-Bit Axe
10:17 Horse Collar
12:01 Loom
14:08 Bow Saw
14:08 Heavy Plow
18:17 Gold Mining
23:13 Bloodlines
23:03 Husbandry
23:10 Scale Barding Armor
23:55 Wheelbarrow
26:40 Imperial Age
24:00 Town Watch
25:06 Chain Barding Armor
26:14 Hand Cart
27:04 Forging
27:02 Stone Mining
28:14 Plate Barding Armor
27:07 Cavalier
29:30 Stone Shaft Mining
28:32 Paladin
29:23 Light Cavalry
31:10 Two-Man Saw
30:43 Crop Rotation
30:50 Iron Casting
30:00 Treadmill Crane
30:43 Conscription
31:19 Guilds
32:42 Town Patrol
34:01 Pikeman
34:41 Squires
34:27 Arson
34:44 Scale Mail Armor
34:34 Winged Hussar
35:54 Chain Mail Armor
Not the letter N
7:31 Feudal Age
11:27 Castle Age
9:13 Horse Collar
9:22 Double-Bit Axe
12:37 Bow Saw
12:31 Heavy Plow
17:40 Wheelbarrow
19:13 Hand Cart
19:10 Scale Mail Armor
19:20 Forging
19:03 Gold Mining
20:07 Chain Mail Armor
20:02 Forging
19:55 Squires
19:40 Gambesons
21:07 Forging
25:31 Imperial Age
22:53 Gambesons
24:44 Gold Shaft Mining
25:33 Iron Casting
25:20 Arson
25:41 Capped Ram
26:01 Elite Varangian Guard
28:17 Plate Mail Armor
28:47 Blast Furnace
29:18 Blast Furnace
30:48 Conscription
30:49 Capped Ram
Silver_Storm
5:56 Loom
8:18 Feudal Age
12:05 Castle Age
10:18 Double-Bit Axe
17:47 Bow Saw
17:52 Horse Collar
20:41 Heavy Plow
21:45 Wheelbarrow
20:56 Town Watch
25:31 Imperial Age
23:49 Gold Mining
23:51 Stone Mining
25:25 Gold Shaft Mining
25:47 Forging
25:42 Scale Barding Armor
25:42 Husbandry
25:53 Bloodlines
26:05 Hand Cart
26:57 Conscription
29:42 Elite Mameluke
32:22 Light Cavalry
33:59 Iron Casting
33:44 Chain Barding Armor
35:50 Blast Furnace
Connection lost

Rejoining the realm…

Still unreachable

The connection could not be restored.

Session expired

The server has moved on; the page needs a fresh start.